 Dungeon Crawl Stone Soup version 0.30-a0-743-gbfdf073431 (webtiles) character file.

Game seed: 3040354755238598280

99 Dittersdorf the Trooper (level 4, -4/29 HPs)
             Began as a Gargoyle Fighter on Feb 7, 2023.
             Killed from afar by an orc wizard (11 damage)
             ... with a magic dart
             ... on level 2 of the Dungeon.
             The game lasted 00:02:14 (1662 turns).

Dittersdorf the Trooper (Gargoyle Fighter)          Turns: 1662, Time: 00:02:15

Health: -4/29      AC: 11    Str: 21    XL:     4   Next: 72%
Magic:  4/4        EV:  9    Int:  9    God:
Gold:   152        SH:  0    Dex:  9    Spells: 3/3 levels left

rFire   . . .      SeeInvis .    a - +0 flail
rCold   . . .      Faith    .    c - +0 buckler
rNeg    + . .      Spirit   .    b - +0 scale mail
rPois   ∞          Reflect  .    e - +0 hat
rElec   +          Harm     .    (no cloak)
rCorr   .          Rampage  .    m - +0 pair of gloves
Will    .....                    (no boots) Stlth
                                 (no amulet)
HPRegen 0.24/turn                (no ring)
MPRegen 0.09/turn                (no ring)

@: confused
A: sickness immunity, AC +3, negative energy resistance 1, electricity
resistance, torment resistance 1, petrification resistance
a: no special abilities


You were on level 2 of the Dungeon.
You visited 1 branch of the dungeon, and saw 3 of its levels.

You collected 152 gold pieces.

Inventory:

Hand Weapons
 a - a +0 flail (weapon)
Missiles
 n - 5 poisoned darts (quivered)
Armour
 b - a +0 scale mail (worn)
 c - a +0 buckler (worn)
 e - a +0 hat (worn)
 m - a +0 pair of gloves (worn)
Scrolls
 f - a scroll of enchant armour {unknown}
 g - a scroll of teleportation {unknown}
 j - 2 scrolls of identify {unknown}
 k - a scroll of butterflies {unknown}
 l - a scroll of fear {unknown}
Potions
 d - 2 potions of might
 h - 3 potions of cancellation {unknown}
 i - a potion of heal wounds {unknown}


   Skills:
 + Level 4.1 Fighting
 + Level 2.9 Maces & Flails
 + Level 4.1 Armour
 + Level 4.0 Shields


You had 3 spell levels left.
You didn't know any spells.
Your spell library was empty.

Dungeon Overview and Level Annotations

Branches:
Dungeon (3/15)

Altars:

Shops:
D:3 ==


Innate Abilities, Weirdness & Mutations

You are immune to sickness and miasma.
Your stone body is resilient. (AC +3)
You are immune to poison.
You resist negative energy. (rN+)
You are resistant to electric shocks. (rElec)
You are resistant to unholy torment.
You are immune to petrification.


Message History

* * * LOW HITPOINT WARNING * * *
Something hits you but does no damage.
Items here: ! " $ ) †.
You feel less confused. Something hits you but does no damage.
You hit something.
Something hits you but does no damage. x2
You completely miss something.
You hear some strange, mumbled words.
Something tries to affect you, but you resist.
You miss something.
You hear some strange, mumbled words.
You are confused.
Something hits you but does no damage.
You miss something. Something hits you but does no damage.
You hear some strange, mumbled words.
You are more confused.
You barely miss something. Something hits you but does no damage.
You barely miss something. Something hits you.
* * * LOW HITPOINT WARNING * * *
You closely miss something. Something hits you but does no damage.
You miss something. Something hits you.
* * * LOW HITPOINT WARNING * * *
Something hits you but does no damage.
You hit something. Something hits you but does no damage.
You miss something. Something hits you but does no damage.
You feel less confused. Something hits you but does no damage.
Items here: )) [ ††.
You hit something.
Something hits you but does no damage. x2
You closely miss something. Something hits you but does no damage.
You closely miss something. Something hits you but does no damage.
You closely miss something. Something hits you but does no damage.
You miss something.
You hear some strange, mumbled words.
You are confused.
Something hits you.
* * * LOW HITPOINT WARNING * * *
A magic dart appears from out of thin air!
The magic dart hits you!
You die...

#..##.## ###.....#.#.# #.#
...##..## #...###...#.###.#
..####..## ####.#.....###.##..#
..# ##..# #....#.....###..#..#
.## ##.#####.##.......##......#
## #...<.......#.....##.#..#>#
#......######)....##.#....#
######.########....>####..#...##
#......#.....#)@†.### #.##...#
#......#.#.#..)>### #.##...#
##.........)...{$#### #.###.##
#.......#.#.#.......#####.###.#
....<...#...........##....##..#
##......###.#.......##.#####.##
#.......# #.........##.# #.#
..####### ###.......#..# #.# ###
#.......#.## #.#


There were no monsters in sight!

Vanquished Creatures
  An orc priest (D:2)
  2 adders
  A worm (D:2)
  2 dart slugs
  6 orcs
  2 ball pythons (D:1)
  5 endoplasms (D:1)
  5 goblins
  A hobgoblin (D:2)
  3 quokkas
  3 bats
  4 frilled lizards
  2 kobolds
  3 rats (D:1)
40 creatures vanquished.

Notes
Turn   | Place    | Note
-------+----------+-------------------------------------------
     0 | D:1      | Dittersdorf the Gargoyle Fighter began the quest for the
                  | Orb.
     0 | D:1      | Reached XP level 1. HP: 14/14 MP: 1/1
   131 | D:1      | Reached XP level 2. HP: 19/19 MP: 2/2
   785 | D:2      | Reached XP level 3. HP: 24/24 MP: 3/3
  1204 | D:3      | Found Waitout's Jewellery Boutique.
  1329 | D:3      | Reached XP level 4. HP: 29/29 MP: 4/4
  1481 | D:3      | Found Vucim's Jewellery Boutique.
  1662 | D:2      | Killed from afar by an orc wizard

Illustrated notes

Levels and vault maps discovered:
D:1:      psy_arrival_heroes, layout_basic
D:2:      layout_rooms, glass_columns_a
D:3:      layout_rooms, mainiacjoe_overflow_six_doors_small,
          lemuel_doored_altar, serial_shops, nicolae_square_shop,
          nicolae_shop_waterfront, nicolae_square_shop, shop, shop_fountains,
          uniq_ijyb, uniq_grinder, uniq_sigmund

Skill      XL: |  1  2  3  4 |
---------------+-------------+-----
Fighting       | 4 |  4.1
Armour         | 4 |  4.1
Shields        | 4 |  4.0
Maces & Flails | |  2.9

Action                     |  1- 3 |  4- 6 || total
---------------------------+-------+-------++-------
  Melee: Flail             |    94 |    62 ||   156
 Armour: Scale mail        |    57 |    63 ||   120
  Dodge: Dodged            |    40 |    25 ||    65
  Block: Buckler           |    26 |    18 ||    44

Table legend: (Time is in decaauts)
 A = Elapsed time spent in this place.
 B = Non-inter-level travel time spent in this place.
 C = Inter-level travel time spent in this place.
 D = Time resting spent in this place.
 E = Time spent auto-exploring this place.
 F = Levels seen in this place.
 G = Mean time per level.
                   A        B        C        D        E       F      G
               +--------+--------+--------+--------+--------+-----+--------+
         Total |   1714 |   1611 |    103 |    283 |    961 |   3 |  571.3 |
       Dungeon |   1714 |   1611 |    103 |    283 |    961 |   3 |  571.3 |
               +--------+--------+--------+--------+--------+-----+--------+

Top non-repeatable levels by time:
     D:1: 786 daAuts
     D:2: 662 daAuts
     D:3: 265 daAuts
